 Dungeon Crawl Stone Soup version 0.31-a0-865-g3d5d917 (webtiles) character file.

Game seed: 2350739047530503351

1709316 BarneyGumball the Devastator (level 27, 256/256 HPs)
             Began as a Naga Venom Mage on Oct 10, 2023.
             Was the Champion of Cheibriados.
             Escaped with the Orb
             ... and 3 runes!
             The game lasted 06:10:10 (65685 turns).

BarneyGumball the Devastator (Naga Venom Mage)     Turns: 65685, Time: 06:10:11

Health: 256/256    AC: 28    Str: 22 (25) XL:     27
Magic:  47/47      EV: 20    Int: 41      God:    Cheibriados [******]
Gold:   1125       SH: 20    Dex: 29      Spells: 13/58 levels left

rFire   + + .        a - staff of cold
rCold   + . .        o - +4 kite shield {reflect}
rNeg    . . .        R - +3 troll leather armour {Snorg}
rPois   +            (no helmet)
rElec   +            s - +2 cloak {rPois}
rCorr   +            V - +2 pair of gloves
SInv    +            G - +0 barding {rF+}
Will    +++++        F - amulet of magic regeneration
Stlth   +            e - ring of wizardry {=R}
HPRegen 2.22/turn    X - ring "Wihemir" {rElec rF+ Will+++ rCorr Int-2}
MPRegen 0.70/turn

%: reflection, wizardry (x1)
@: very slow
A: AC +9, large, see invisible, deformed body, poison resistance, slowness 2,
spit poison 1, naga tail 2, high MP 1, regeneration 1, subdued magic 1, noise
suppression
0: Orb of Zot
}: 3/15 runes: decaying, serpentine, silver
a: Spit Poison, Renounce Religion, Bend Time, Temporal Distortion, Slouch, Step
From Time


You escaped.
You worshipped Cheibriados.
Cheibriados was exalted by your worship.
You visited 10 branches of the dungeon, and saw 48 of its levels.
You visited 1 bazaar.
You also visited: Trove.

You collected 7691 gold pieces.
You spent 6566 gold pieces at shops.

Inventory:

Armour
 o - a +4 kite shield of reflection (worn)
 s - a +2 cloak of poison resistance (worn)
 D - a +2 helmet of intelligence
 G - a +0 barding of fire resistance (worn)
 R - a +3 troll leather armour (worn) {Snorg}
 V - a +2 pair of gloves (worn)
Magical Staves
 a - a staff of cold (weapon)
 b - a staff of fire
Jewellery
 e - a ring of wizardry (left hand) {=R}
 f - a ring of protection from fire
 F - an amulet of magic regeneration (around neck)
 K - a ring of positive energy
 Q - a ring of protection from cold
 S - a ring of flight
 X - the ring "Wihemir" (right hand) {rElec rF+ Will+++ rCorr Int-2}
   (You bought it in a shop on level 2 of the Elven Halls)

   [ring of protection from fire]

   Int-2:     It affects your intelligence (-2).
   rF+:       It protects you from fire.
   rElec:     It insulates you from electricity.
   Will+++:   It greatly increases your willpower.
   rCorr:     It protects you from acid and corrosion.
Wands
 g - a wand of quicksilver (9)
 m - a wand of polymorph (22)
 w - a wand of charming (26)
 y - a wand of iceblast (13)
 B - a wand of mindburst (22)
 J - a wand of digging (1)
Scrolls
 c - 13 scrolls of immolation
 h - 4 scrolls of blinking
 i - 13 scrolls of fear (quivered)
 j - 8 scrolls of amnesia
 k - 19 scrolls of teleportation
 r - 10 scrolls of vulnerability
 t - 10 scrolls of fog
 u - 3 scrolls of poison
 A - a scroll of brand weapon
 E - 2 scrolls of silence
 I - 9 scrolls of enchant weapon
 L - 5 scrolls of enchant armour
 N - 2 scrolls of torment
 P - 4 scrolls of summoning
Potions
 d - 19 potions of curing
 l - 2 potions of enlightenment
 n - 2 potions of resistance
 v - 5 potions of might
 x - 7 potions of lignification
 C - 4 potions of invisibility
 H - 2 potions of attraction
 M - 2 potions of berserk rage
 O - 2 potions of mutation
 T - a potion of ambrosia
 U - a potion of heal wounds
 Y - 2 potions of magic
Miscellaneous
 p - a phial of floods
 q - a box of beasts
 Z - a lightning rod (4/4)


   Skills:
 - Level 17.0 Fighting
 - Level 5.0(5.6) Maces & Flails
 - Level 0.1(2.2) Polearms
 - Level 3.7(5.0) Staves
 - Level 12.0 Armour
 - Level 14.0 Dodging
 - Level 5.0 Stealth
 - Level 15.0 Shields
 + Level 16.4 Spellcasting
 - Level 20.0 Conjurations
 - Level 2.0 Hexes
 - Level 1.0 Transmutations
 - Level 17.7 Fire Magic
 - Level 3.7 Ice Magic
 - Level 4.6 Air Magic
 - Level 10.0 Earth Magic
 - Level 6.5 Poison Magic
 - Level 15.0 Invocations
 - Level 4.0 Evocations


You had 13 spell levels left.
You knew the following spells:

 Your Spells              Type           Power      Damage    Failure   Level
a - Sting                 Tmut/Pois      100%       1d8       1%          1
b - Poisonous Vapours     Pois/Air       100%       N/A       1%          2
c - Mephitic Cloud        Conj/Pois/Air  75%        N/A       1%          3
d - Bombard               Conj/Erth      44%        9d7       1%          6
e - Starburst             Conj/Fire      49%        6d13      1%          6
f - Freezing Cloud        Conj/Ice/Air   45%        6-21      1%          5
g - Sublimation of Blood  Necr           25%        N/A       1%          2
h - Ignite Poison         Fire/Tmut/Pois 68%        N/A       1%          3
i - Tukima's Dance        Hex            38%        N/A       1%          3
j - Ignition              Fire           47%        3d13      1%          8
k - Blink                 Tloc           50%        N/A       1%          2
l - Olgreb's Toxic Radia  Pois           61%        N/A       1%          4

Your spell library contained the following spells:

 Spells                   Type           Power      Damage    Failure   Level
 Kiss of Death            Conj/Necr      100%       2d13      0%          1
 Momentum Strike          Conj/Tloc      100%       3d10      0%          2
 Scorch                   Fire           100%       2d9       0%          2
 Static Discharge         Conj/Air       100%       2-7/arc   0%          2
 Dazzling Flash           Conj/Hex       100%       N/A       0%          3
 Flame Wave               Conj/Fire      98%        2d20      0%          4
 Slow                     Hex            100%       N/A       1%          1
 Summon Small Mammal      Summ           100%       N/A       1%          1
 Call Imp                 Summ           50%        N/A       1%          2
 Cigotuvi's Dreadful Rot  Necr/Pois/Air  98%        N/A       1%          2
 Ensorcelled Hibernation  Hex/Ice        100%       N/A       1%          2
 Lesser Beckoning         Tloc           50%        N/A       1%          2
 Passwall                 Tmut/Erth      47%        N/A       1%          2
 Call Canine Familiar     Summ           25%        N/A       1%          3
 Confusing Touch          Hex            38%        N/A       1%          3
 Frozen Ramparts          Ice            100%       1d16      1%          3
 Gell's Gravitas          Tloc           25%        N/A       1%          3
 Inner Flame              Hex/Fire       73%        N/A       1%          3
 Ozocubu's Armour         Ice            65%        N/A       1%          3
 Sigil of Binding         Hex            38%        N/A       1%          3
 Swiftness                Air            53%        N/A       1%          3
 Teleport Other           Tloc           25%        N/A       1%          3
 Vampiric Draining        Necr           25%        2d7       1%          3
 Volatile Blastmotes      Fire/Tloc      100%       2d18      1%          3
 Airstrike                Air            26%        2d(4-20)  1%          4
 Cause Fear               Hex            19%        N/A       1%          4
 Fulminant Prism          Conj/Hex       38%        3d17      1%          4
 Iskenderun's Mystic Bla  Conj/Tloc      73%        2d15      1%          4
 Leda's Liquefaction      Hex/Erth       29%        N/A       1%          4
 Petrify                  Tmut/Erth      57%        N/A       1%          4
 Summon Lightning Spire   Summ/Air       40%        N/A       1%          4
 Vhi's Electric Charge    Tloc/Air       80%        N/A       1%          4
 Arcjolt                  Conj/Air       40%        1d50      1%          5
 Borgnjor's Vile Clutch   Necr/Erth      27%        N/A       1%          5
 Irradiate                Conj/Tmut      37%        3d24      1%          5
 Lee's Rapid Deconstruct  Erth           36%        3d18*     1%          5
 Plasma Beam              Fire/Air       38%        2x1d52    1%          6
 Alistair's Intoxication  Tmut/Pois      32%        N/A       2%          5
 Anguish                  Hex/Necr       16%        N/A       3%          4
 Dimensional Bullseye     Hex/Tloc       16%        N/A       3%          4
 Silence                  Hex/Air        23%        N/A       3%          5
 Animate Dead             Necr           25%        N/A       4%          4
 Passage of Golubria      Tloc           25%        N/A       4%          4
 Metabolic Englaciation   Hex/Ice        30%        N/A       4%          5
 Lehudib's Crystal Spear  Conj/Erth      44%        10d11     7%          8
 Yara's Violent Unravell  Hex/Tmut       17%        3d8       8%          5
 Summon Mana Viper        Hex/Summ       32%        N/A       9%          5
 Agony                    Necr           25%        N/A       13%         5
 Summon Forest            Summ/Tloc      12%        N/A       13%         5
 Eringya's Noxious Bog    Tmut/Pois      24%        4d6       16%         6
 Simulacrum               Ice/Necr       27%        N/A       34%         6
 Dispersal                Tloc           12%        N/A       58%         6
 Summon Cactus Giant      Summ           12%        N/A       58%         6
 Enfeeble                 Hex            19%        N/A       86%         7
 Haunt                    Necr/Summ      12%        N/A       98%         7
 Malign Gateway           Summ/Tloc      12%        N/A       98%         7
 Maxwell's Capacitive Co  Air            26%        ∞         99%         8
 Discord                  Hex            19%        N/A       100%        8
 Infestation              Necr           12%        N/A       100%        8
 Summon Horrible Things   Summ           12%        N/A       100%        8
 Shatter                  Erth           36%        3d29*     100%        9


Dungeon Overview and Level Annotations

Branches:
Dungeon (15/15)            Temple (1/1) D:4            Lair (5/5) D:11
  Swamp (4/4) Lair:3        Snake (4/4) Lair:3        Slime (0/5) Lair:4
    Orc (2/2) D:12            Elf (3/3) Orc:2        Vaults (5/5) D:13
  Crypt (0/3) Vaults:3     Depths (4/4) D:15            Zot (5/5) Depths:4

Altars:
Ashenzari
Cheibriados
Dithmenos
Elyvilon
Fedhas
Gozag
Hepliaklqana
Kikubaaqudgha
Makhleb
Nemelex Xobeh
Okawaru
Qazlal
Ru
Sif Muna
Trog
Uskayaw
Vehumet
Wu Jian
Xom
Yredelemnul
Zin
The Shining One

Shops:
D:4 =?*?   D:6 (   Orc:1 *?   Orc:2 !:=[   Elf:1 !   Elf:2 =   Elf:3 *
Snake:2 (   Snake:4 [   Vaults:1 ?   Vaults:2 :   Vaults:5 ?!!:*[!
Depths:2 :==   Depths:4 *[?

Portals:
Hell: Depths:1 Depths:2 Depths:3 Depths:4
Abyss: Depths:3 Depths:4
Pandemonium: Depths:2
Ziggurat: Depths:3

Annotations:
D:7 Maggie
D:8 Erica
D:10 exclusion: acid dragon
Swamp:4 2 transporters, Azessum's ghost, journeyman GrEE
Snake:4 2 transporters, BarneyGumball's ghost, adept DjFE
Orc:1 2 transporters, Gedefio's ghost, journeyman TeFE
Elf:2 3 runed translucent doors, exclusion: 3 doors
Elf:3 1 runed translucent door, Herenode's ghost, adept DrNe


Innate Abilities, Weirdness & Mutations

Your serpentine skin is tough. (AC +9)
You have supernaturally acute eyesight. (SInv)
Armour fits poorly on your strangely shaped body.
Your system is resistant to poisons. (rPois)
You cover ground very slowly.
You can spit poison.
You can use your snake-like lower body to constrict enemies.
You have an increased reservoir of magic. (+10% MP)
Your natural rate of healing is unusually fast.
Your spells are a little easier to cast, but a little less powerful.
You passively dampen the noise of your surroundings.


Message History

The blast sends you backwards. The balrug gestures at you.
Something smites you!
Casting: Bombard (mildly dangerous; 1% risk of failure)
Confirm with . or Enter, or press ? or * to list all spells.
Aiming: Freezing Cloud (mildly dangerous; 1% risk of failure)
Press: ? - help, Dir - move target, f/p - balrug
Aim: a balrug, wielding a +1 demon whip of freezing (heavily wounded)
You feel a surge of power!
The balrug is engulfed in freezing vapours.
The sun demon is engulfed in freezing vapours.
The balrug is engulfed in freezing vapours.
The sun demon is engulfed in freezing vapours.
The balrug is engulfed in freezing vapours.
You kill the balrug!
Cheibriados appreciates the change of pace.
The sun demon is engulfed in freezing vapours.
The sun demon is engulfed in freezing vapours. x2
You kill the sun demon!
Cheibriados appreciates the change of pace.
There is a stone staircase leading down here.
A soul eater comes into view.
There is a stone staircase leading up here.
You climb upwards.
There is a stone staircase leading down here.
A chaos spawn comes into view.
Casting: Freezing Cloud (mildly dangerous; 1% risk of failure)
Confirm with . or Enter, or press ? or * to list all spells.
Aiming: Bombard (mildly dangerous; 1% risk of failure)
Press: ? - help, Shift-Dir - straight line, f - chaos spawn
Aim: a chaos spawn (70% to hit)
The iron shot hits the chaos spawn!!!
You kill the chaos spawn!
Cheibriados appreciates the change of pace.
The chaos spawn degenerates into a cloud of primal chaos!
The blast sends you backwards.
Magic restored.
There is an open door here.
There is a staircase leading out of the dungeon here.
You have escaped!

##...##.######.##.#...###.#.....#
##...#............#...# #.#.....#
##...#..######.##.#...###.#.....#
##...#...# #............#.....#
##...#...## ###########..#......
.'...#..#.### #.# ###.#.#......
##...#..##..####'####..##........
#....#..####..'...'..####......##
#....#..# ####.@.#### #......##
#....#..####..'...'..####........
#....#..##..####'####..##........
#....##.#.### #.# ###.#..#.....
#.....#..###############.........
#......)......#+##....##...#...##
#.....................###........
#..............................##
#.....................###.##...#


There were no monsters in sight!

Vanquished Creatures
  2 ancient liches (Zot:5)
  3 dread liches (Zot:5)
  4 orbs of fire
  Josephina (Depths:2)
  Sojobo (Depths:2)
  Boris (Depths:4)
  Saint Roka (Depths:4)
  3 Killer Klowns (Zot:5)
  4 caustic shrikes (Depths:4)
  11 golden dragons
  Jory (Vaults:3)
  Nikola (Vaults:3)
  Norris (Vaults:1)
  3 doom hounds (Depths:3)
  3 electric golems
  16 tentacled monstrosities
  A hellephant (Zot:2)
  A Tzitzimitl (D:13)
  Jorgrun (Orc:1)
  A walking crystal tome (Depths:3)
  4 liches
  23 Orb Guardians (Zot:5)
  2 deep elf blademasters (Elf:3)
  A Hell Sentinel (D:15)
  6 quicksilver dragons
  Grunn (Depths:3)
  6 sphinxes
  4 titans
  2 walking earthen tomes
  2 deep elf master archers (Elf:3)
  Frances (Elf:1)
  An Executioner (Zot:5)
  9 death cobs
  Kirke (D:12)
  6 tengu reavers
  5 draconian monks
  12 shadow dragons
  Donald (Snake:1)
  18 storm dragons
  A fenstrider witch (Swamp:3)
  Aizul (Swamp:2)
  2 nagarajas (Snake:3)
  3 draconian knights
  4 fire giants
  10 frost giants
  3 iron dragons
  8 draconian shifters
  9 draconian scorchers
  6 deep elf elementalists (Elf:3)
  3 deep elf sorcerers
  4 draconian stormcallers
  15 vault wardens
  A ghost moth (Zot:5)
  3 orc warlords
  2 balrugs
  13 ironbound preservers
  3 draconian annihilators
  5 formless jellyfish
  6 ironbound thunderhulks
  3 war gargoyles
  12 stone giants
  2 eleionomae
  15 very ugly things
  A demonspawn black sun (Zot:1)
  4 bunyips
  11 black draconians
  14 purple draconians
  A spark wasp (shapeshifter) (Vaults:5)
  Azrael (Elf:1)
  Nessos (D:12)
  7 white draconians
  4 deep elf annihilators (Elf:3)
  8 dire elephants
  8 deep elf demonologists
  10 green draconians
  12 yellow draconians
  14 red draconians
  2 blizzard demons
  9 spark wasps
  12 ettins
  7 deep elf death magi
  A green death (D:15)
  11 fire dragons
  3 jiangshi (Depths:4)
  2 merfolk impalers (Depths:1)
  16 yaktaur captains
  Snorg (Orc:1)
  2 entropy weavers
  A merfolk javelineer (Depths:4)
  4 great orbs of eyes
  5 deep elf high priests
  5 rakshasas
  A shambling mangrove (Swamp:4)
  2 peacekeepers
  Fannar (D:12)
  28 vault guards
  15 hydras
  4 salamander tyrants
  8 centaur warriors
  5 ice dragons
  4 ogre magi
  Erolcha (D:10)
  A great orb of eyes (shapeshifter) (Depths:4)
  A caustic shrike simulacrum (Depths:2)
  A catoblepas (Lair:5)
  3 spriggan air magi
  18 anacondas
  3 ghost crabs
  6 death yaks
  10 naga warriors
  11 ironbound frosthearts
  11 alligators
  A satyr (shapeshifter) (Elf:2)
  A boulder beetle (D:12)
  4 two-headed ogres
  4 tengu warriors
  3 deep troll shamans
  An orc high priest (Orc:2)
  6 hell hogs
  8 naga sharpshooters
  5 deep troll earth magi
  Urug (Lair:5)
  3 vampire magi
  8 shock serpents
  3 skysharks
  13 spriggans
  Nergalle (Orc:2)
  5 sun demons
  8 deep elf knights
  4 soul eaters
  2 spriggan berserkers (Depths:1)
  A fire crab (Swamp:4)
  3 iron trolls (Depths:2)
  A titan skeleton (Vaults:4)
  13 hell knights
  Lodul (D:11)
  A bunyip zombie (Swamp:4)
  7 salamander mystics
  4 spriggan druids
  A shadow wraith (Vaults:5)
  2 flayed ghosts
  3 goliath frogs
  19 naga ritualists
  An orb spider (shapeshifter) (Depths:4)
  4 glowing orange brains
  A spriggan simulacrum (Depths:2)
  8 deep elf archers
  10 swamp dragons
  34 deep trolls
  7 phantasmal warriors
  5 bog bodies
  21 ironbound convokers
  7 lindwurms
  6 wizards
  14 deep elf zephyrmancers
  3 alligator zombies (Swamp:4)
  24 deep elf pyromancers
  21 mana vipers
  10 necromancers
  10 orc knights
  4 will-o-the-wisps
  A human zombie (Vaults:4)
  A wolf spider (shapeshifter) (Vaults:5)
  7 orc sorcerers (Orc:2)
  44 ugly things
  10 cyclopes
  3 manticores
  28 salamanders
  24 moths of wrath
  7 guardian serpents
  12 vault sentinels
  52 black mambas
  8 elephants
  12 naga magi
  A frost giant skeleton (Depths:1)
  A water nymph (shapeshifter) (Vaults:5)
  3 gargoyles
  A cane toad (shapeshifter) (D:15)
  An unseen horror (D:11)
  11 cane toads
  3 smoke demons
  Psyche (D:10)
  9 komodo dragons
  A hellion (Depths:1)
  4 rime drakes
  A golden dragon simulacrum (Depths:2)
  2 efreet
  32 yaktaurs
  4 freezing wraiths (Vaults:5)
  4 red devils (Elf:1)
  4 tengu conjurers
  9 trolls
  2 bloated husks
  2 polar bears (shapeshifter)
  3 meliai (D:15)
  15 hornets
  3 polar bears
  10 tyrant leeches
  8 blink frogs
  A tarantella (shapeshifter) (D:15)
  A snapping turtle (shapeshifter) (Depths:2)
  A spriggan skeleton (Depths:1)
  A spriggan zombie (Depths:1)
  A frost giant simulacrum (Depths:2)
  2 shadows
  A fire giant simulacrum (Depths:2)
  An air elemental (Elf:3)
  A ynoxinul (Depths:2)
  2 ettin zombies
  A wraith (D:10)
  39 slime creatures
  4 vampires
  7 wyverns
  30 fire elementals
  16 water elementals
  A yak (shapeshifter) (D:14)
  29 yaks
  3 redbacks (Vaults:4)
  4 steam dragons
  A chaos spawn (D:1)
  13 dancing weapons
  5 hogs (D:12)
  6 basilisks
  14 vampire mosquitoes
  4 wargs
  2 swamp worms (shapeshifter)
  A naga (shapeshifter) (Vaults:5)
  18 swamp worms
  An acid dragon (D:12)
  19 nagas
  A water moccasin (shapeshifter) (D:13)
  2 hell hounds (Elf:1)
  9 water moccasins
  A floating eye (shapeshifter) (Vaults:5)
  An ice beast (D:7)
  17 orc warriors
  4 black bears
  11 swamp drakes
  3 ettin simulacra (Depths:2)
  A sky beast (D:7)
  2 swamp dragon zombies (Swamp:4)
  9 boggarts
  13 wolves
  24 ogres
  3 centaurs
  4 phantoms
  5 kobold brigands
  3 earth elementals (Elf:1)
  9 bullfrogs
  2 scorpions
  A swamp dragon simulacrum (Swamp:4)
  8 killer bees
  5 howler monkeys
  3 jellies
  4 crimson imps (Depths:1)
  2 hounds
  A gnoll bouda (D:7)
  13 orc priests
  3 sleepcaps
  36 orc wizards
  9 iguanas
  2 scorpion zombies (D:3)
  3 hound zombies (D:3)
  A howler monkey zombie (D:3)
  4 gnolls
  5 adders
  5 white imps
  2 ufetubi
  2 adder skeletons (D:3)
  An adder zombie (D:3)
  4 worms
  3 dart slugs
  63 orcs
  7 ball pythons
  4 bats (D:2)
  6 endoplasms
  2 giant cockroaches
  10 goblins
  12 hobgoblins
  3 jackals (D:4)
  38 kobolds
  8 quokkas
  A ball python skeleton (D:3)
  2 ball python zombies (D:3)
  2 frilled lizards
  A quokka skeleton (D:3)
  11 rats
  A butterfly (D:4)
1923 creatures vanquished.

Vanquished Creatures (collateral kills)
  A golden dragon (Zot:3)
  A ghost moth (Zot:3)
2 creatures vanquished.

Vanquished Creatures (others)
  An ancient lich (Vaults:5)
  2 fire giants
  A black draconian (Zot:3)
  A deep elf knight (Elf:3)
  A lindwurm (Swamp:4)
  A deep elf zephyrmancer (Elf:1)
  4 bloated husks
  A steam dragon (Swamp:4)
  3 dancing weapons
  An acid dragon (shapeshifter) (Vaults:5)
  A swamp drake (Swamp:4)
  14 foxfires
31 creatures vanquished.

Grand Total: 1956 creatures vanquished

Notes
Turn   | Place    | Note
-------+----------+-------------------------------------------
     0 | D:1      | BarneyGumball the Naga Venom Mage began the quest for the
                  | Orb.
     0 | D:1      | Reached XP level 1. HP: 15/15 MP: 3/3
   116 | D:1      | Reached skill level 1 in Conjurations
   116 | D:1      | Reached XP level 2. HP: 22/22 MP: 5/5
   560 | D:1      | Reached XP level 3. HP: 28/28 MP: 6/6
   934 | D:1      | Learned a level 2 spell: Poisonous Vapours
  1048 | D:1      | Reached skill level 2 in Conjurations
  1048 | D:1      | Reached skill level 5 in Poison Magic
  1415 | D:2      | Reached XP level 4. HP: 29/36 MP: 7/7
  1509 | D:2      | Found a faded altar of an unknown god.
  1641 | D:2      | Learned a level 3 spell: Mephitic Cloud
  1799 | D:2      | Found a shadowy altar of Dithmenos.
  2200 | D:3      | Found a burning altar of Makhleb.
  2202 | D:3      | Found a shadowy altar of Dithmenos.
  2289 | D:3      | Reached skill level 1 in Air Magic
  2289 | D:3      | Reached XP level 5. HP: 32/42 MP: 8/8
  2400 | D:3      | Reached skill level 3 in Conjurations
  3277 | D:3      | Reached XP level 6. HP: 29/49 MP: 9/9
  3530 | D:4      | Got a moth-eaten book
  3814 | D:4      | Found Dyffol's Magic Scroll Emporium.
  3824 | D:4      | Bought a scroll of immolation for 40 gold pieces
  3824 | D:4      | Bought a scroll of fog for 40 gold pieces
  3824 | D:4      | Bought a scroll of teleportation for 30 gold pieces
  3824 | D:4      | Bought a scroll of identify for 20 gold pieces
  3948 | D:4      | Found Kareadot's Assorted Antiques.
  4162 | D:4      | Found Xucis's Jewellery Emporium.
  4278 | D:4      | Found Calikk's Magic Scroll Emporium.
  4312 | D:4      | Found a sacrificial altar of Ru.
  4437 | D:4      | Found a staircase to the Ecumenical Temple.
  4445 | Temple   | Entered the Ecumenical Temple
  4461 | Temple   | Became a worshipper of Cheibriados the Contemplative
  4560 | D:5      | Entered Level 5 of the Dungeon
  4839 | D:4      | Reached skill level 1 in Fighting
  4839 | D:4      | Reached skill level 1 in Maces & Flails
  4940 | D:5      | HP: 1/51 [ogre/+0 giant spiked club (15)]
  4942 | D:5      | Reached skill level 1 in Armour
  4942 | D:5      | Reached XP level 7. HP: 1/57 MP: 10/10
  5256 | D:5      | Found a blossoming altar of Fedhas.
  5455 | D:5      | Found an iron altar of Okawaru.
  5587 | D:5      | Found a sparkling altar of Nemelex Xobeh.
  5740 | D:5      | Reached XP level 8. HP: 48/68 MP: 11/11
  6047 | D:5      | Learned a level 4 spell: Olgreb's Toxic Radiance
  6177 | D:4      | Bought a scroll of blinking for 75 gold pieces
  6177 | D:4      | Bought a scroll of teleportation for 30 gold pieces
  6177 | D:4      | Bought a scroll of identify for 20 gold pieces
  6324 | D:6      | Reached * piety under Cheibriados
  6709 | D:6      | Found Hierean's Antique Weapon Shop.
  6780 | D:6      | Found an opulent altar of Gozag.
  6847 | D:6      | HP: 2/69 [acid (9)]
  6939 | D:6      | Reached skill level 5 in Stealth
  6939 | D:6      | Reached skill level 1 in Invocations
  7138 | D:6      | Found a broken altar of Ashenzari.
  8221 | D:7      | Reached ** piety under Cheibriados
  8227 | D:7      | Reached skill level 5 in Invocations
  8227 | D:7      | Reached XP level 9. HP: 75/76 MP: 12/12
  8508 | D:7      | Noticed Maggie
  8567 | D:7      | Noticed a troll
  8582 | D:7      | Killed a troll
  8583 | D:7      | Reached skill level 4 in Conjurations
  8583 | D:7      | Reached skill level 1 in Fire Magic
  8742 | D:7      | Found a white marble altar of Elyvilon.
  9186 | D:8      | Noticed a hornet
  9195 | D:8      | Killed a hornet
  9418 | D:8      | Noticed Erica
  9498 | D:9      | Reached skill level 5 in Conjurations
  9600 | D:8      | Reached skill level 5 in Fighting
  9600 | D:8      | Reached XP level 10. HP: 73/88 MP: 16/16
  9605 | D:8      | Reached *** piety under Cheibriados
 10194 | D:9      | Reached skill level 5 in Dodging
 10203 | D:9      | Reached skill level 6 in Conjurations
 10207 | D:9      | Reached skill level 5 in Spellcasting
 10208 | D:9      | Reached **** piety under Cheibriados
 10209 | D:9      | Reached skill level 5 in Fire Magic
 10742 | D:9      | Noticed a moth of wrath
 10760 | D:9      | Found a bloodstained altar of Trog.
 10814 | D:10     | Entered Level 10 of the Dungeon
 11197 | D:10     | Reached ***** piety under Cheibriados
 11198 | D:10     | Reached skill level 7 in Conjurations
 11198 | D:10     | Reached skill level 1 in Hexes
 11296 | D:10     | Noticed Psyche
 11314 | D:10     | Killed Psyche
 11393 | D:10     | Noticed Erolcha
 11431 | D:10     | Killed Erolcha
 11432 | D:10     | Reached XP level 11. HP: 94/94 MP: 18/18
 11765 | D:10     | Found a shimmering blue altar of Sif Muna.
 12067 | D:11     | Noticed Lodul
 12073 | D:11     | Reached skill level 8 in Conjurations
 12084 | D:11     | Killed Lodul
 12121 | D:11     | Noticed a cyclops
 12354 | D:11     | Noticed a death yak
 12400 | D:11     | Noticed a cyclops
 12420 | D:11     | Killed a cyclops
 12570 | D:11     | Noticed a death yak
 12571 | D:11     | Noticed a death yak
 12589 | D:11     | Killed a cyclops
 12590 | D:11     | Reached skill level 9 in Conjurations
 12592 | D:11     | Killed a death yak
 12593 | D:11     | Killed a death yak
 12594 | D:11     | Killed a death yak
 12667 | D:11     | Found a staircase to the Lair.
 12720 | D:11     | Found an opulent altar of Gozag.
 12969 | Lair:1   | Entered Level 1 of the Lair of Beasts
 12977 | Lair:1   | Reached skill level 10 in Conjurations
 12977 | Lair:1   | Reached XP level 12. HP: 23/103 MP: 14/19
 13087 | Lair:1   | Learned a level 6 spell: Starburst
 13229 | Lair:1   | Learned a level 3 spell: Tukima's Dance
 13258 | Lair:1   | Reached skill level 10 in Invocations
 14090 | Lair:2   | You fall into a shaft and drop 1 floor!
 14199 | Lair:3   | Reached skill level 11 in Conjurations
 14203 | Lair:3   | Learned a level 2 spell: Sublimation of Blood
 14235 | Lair:3   | Noticed a five-headed hydra
 14330 | Lair:2   | Gained mutation: You can use your snake-like lower body to
                  | constrict enemies. [Naga growth]
 14330 | Lair:2   | Reached XP level 13. HP: 109/109 MP: 20/23
 14583 | Lair:2   | Reached skill level 1 in Evocations
 15027 | Lair:3   | Identified the +5 ring mail of the Fiddle {Str+2}
 15136 | Lair:3   | Found a staircase to the Snake Pit.
 15747 | Lair:3   | Found a staircase to the Swamp.
 16012 | Lair:4   | Found a staircase to the Slime Pits.
 16087 | Lair:4   | Reached skill level 12 in Conjurations
 16217 | Lair:4   | Found a shadowy altar of Dithmenos.
 16234 | Lair:4   | Reached skill level 10 in Fire Magic
 16587 | Lair:5   | Entered Level 5 of the Lair of Beasts
 16587 | Lair:5   | Found a hazy altar of Hepliaklqana.
 16629 | Lair:5   | Reached skill level 1 in Shields
 16891 | Lair:5   | Noticed Urug
 16897 | Lair:5   | Killed Urug
 16982 | Lair:5   | Found the +5 scythe "Finisher" {speed, execute}
 17240 | Lair:5   | Reached skill level 13 in Conjurations
 17240 | Lair:5   | Reached XP level 14. HP: 89/117 MP: 20/26
 17292 | Lair:5   | Noticed a dire elephant
 17309 | Lair:5   | Killed a dire elephant
 17380 | Lair:5   | Got a conspicuous book
 17950 | D:12     | Noticed Kirke
 17960 | D:12     | Reached ****** piety under Cheibriados
 17965 | D:12     | Killed Kirke
 18025 | D:12     | Noticed Fannar
 18079 | D:12     | Killed Fannar
 18186 | D:12     | Found a staircase to the Orcish Mines.
 18229 | D:12     | Noticed Nessos
 18240 | D:12     | Killed Nessos
 18517 | D:12     | Found a stormy altar of Qazlal.
 18694 | Orc:1    | Entered Level 1 of the Orcish Mines
 18770 | Orc:2    | Entered Level 2 of the Orcish Mines
 18884 | Orc:1    | Noticed Jorgrun
 18898 | Orc:1    | Killed Jorgrun
 18949 | Orc:1    | Noticed Gedefio's ghost (journeyman TeFE)
 18957 | Orc:1    | Found a transporter.
 18963 | Orc:1    | Noticed Snorg
 18970 | Orc:1    | Killed Snorg
 18985 | Orc:1    | Found Akivel's Magic Scroll Shop.
 18994 | Orc:1    | Bought a scroll of silence for 133 gold pieces
 18994 | Orc:1    | Bought a scroll of noise for 14 gold pieces
 19068 | Orc:1    | Found a transporter.
 19069 | Orc:1    | Reached skill level 5 in Maces & Flails
 19405 | Orc:1    | Found Jeexol's CLEARANCE SALE!.
 19669 | Orc:2    | Found a staircase to the Elven Halls.
 19770 | Orc:2    | Reached skill level 5 in Armour
 19814 | Orc:2    | Paralysed by an orc sorcerer for 3 turns
 19855 | Orc:2    | Found Dicaib's Antique Armour Shop.
 19868 | Orc:2    | Bought an embroidered scarf for 248 gold pieces
 19881 | Orc:2    | Found an ancient bone altar of Kikubaaqudgha.
 19881 | Orc:2    | Noticed Nergalle
 19886 | Orc:2    | Killed Nergalle
 19945 | Orc:2    | Found Gyurickar's Jewellery Boutique.
 20048 | Orc:2    | Found Ciawk's Book Boutique.
 20055 | Orc:2    | Found Nogiutoude's Distillery.
 20066 | Orc:2    | Bought a potion of degeneration for 14 gold pieces
 20066 | Orc:2    | Bought a potion of ambrosia for 112 gold pieces
 20066 | Orc:2    | Bought a potion of heal wounds for 70 gold pieces
 20066 | Orc:2    | Bought a potion of cancellation for 112 gold pieces
 20066 | Orc:2    | Bought 2 potions of mutation for 224 gold pieces
 20081 | Orc:2    | Found a radiant altar of Vehumet.
 20271 | Orc:2    | Bought a Trismegistus Codex for 390 gold pieces
 20275 | Orc:2    | Learned a level 3 spell: Ignite Poison
 20371 | Orc:1    | Bought a scroll of blinking for 105 gold pieces
 20371 | Orc:1    | Bought a scroll of fear for 56 gold pieces
 20371 | Orc:1    | Bought a scroll of fog for 56 gold pieces
 20371 | Orc:1    | Bought a scroll of identify for 28 gold pieces
 20857 | D:13     | Reached skill level 1 in Ice Magic
 20873 | D:13     | Reached XP level 15. HP: 130/132 MP: 21/27
 21133 | D:13     | Found a gate to the Vaults.
 21867 | D:14     | Found a snail-covered altar of Cheibriados.
 22447 | D:15     | Entered Level 15 of the Dungeon
 22506 | D:15     | Found a portal to a secret trove of treasure.
 23376 | D:15     | Learned a level 5 spell: Freezing Cloud
 23801 | D:15     | Found an iron altar of Okawaru.
 23952 | D:15     | Found a staircase to the Depths.
 24139 | Snake:1  | Entered Level 1 of the Snake Pit
 24260 | Snake:1  | Noticed Donald
 24264 | Snake:1  | Killed Donald
 24355 | Snake:1  | Reached XP level 16. HP: 144/144 MP: 19/29
 24751 | Snake:1  | Reached skill level 14 in Conjurations
 25334 | Snake:2  | Reached skill level 5 in Shields
 25631 | Snake:2  | Reached skill level 10 in Fighting
 25631 | Snake:2  | Reached skill level 10 in Spellcasting
 25659 | Snake:2  | Found Goreunae's Weapon Shoppe.
 26122 | Snake:2  | Reached XP level 17. HP: 153/153 MP: 31/31
 27157 | Snake:4  | Entered Level 4 of the Snake Pit
 27166 | Snake:4  | Found Rasegem's Antique Armour Emporium.
 27258 | Snake:4  | Identified the amulet of Miracles {Faith rElec Will- Str+7
                  | Stlth+}
 27264 | Snake:4  | Reached XP level 18. HP: 123/163 MP: 20/32
 27452 | Snake:4  | Reached skill level 15 in Conjurations
 27493 | Snake:4  | Got a colourful book
 27559 | Snake:4  | Found a transporter.
 27576 | Snake:4  | Noticed BarneyGumball's ghost (adept DjFE)
 27577 | Snake:4  | Found a blossoming altar of Fedhas.
 27681 | Snake:4  | Found a transporter.
 28320 | Snake:4  | Learned a level 8 spell: Ignition
 28993 | Snake:4  | Got a serpentine rune of Zot
 29228 | Swamp:1  | Entered Level 1 of the Swamp
 30733 | Swamp:2  | Noticed Aizul
 30746 | Swamp:2  | Killed Aizul
 31285 | Swamp:3  | Reached XP level 19. HP: 171/171 MP: 27/35
 31413 | Swamp:3  | Reached skill level 16 in Conjurations
 31940 | Swamp:3  | Got an innocuous book
 32038 | Swamp:4  | Entered Level 4 of the Swamp
 32481 | Swamp:4  | Reached skill level 10 in Shields
 32710 | Swamp:4  | Got a decaying rune of Zot
 33414 | Swamp:4  | Found a transporter.
 33425 | Swamp:4  | Noticed Azessum's ghost (journeyman GrEE)
 33428 | Swamp:4  | Found a bloodstained altar of Trog.
 33562 | Swamp:4  | Found a transporter.
 34091 | D:4      | Bought a scroll of enchant armour for 75 gold pieces
 34091 | D:4      | Bought a scroll of enchant armour for 75 gold pieces
 34096 | D:4      | Bought a scroll of enchant armour for 75 gold pieces
 34096 | D:4      | Bought a scroll of enchant armour for 75 gold pieces
 34121 | D:4      | Bought a scroll of enchant armour for 142 gold pieces
 34396 | D:15     | You paid a toll of +5 fire dragon scales to enter a
                  | treasure trove
 34397 | Trove    | Entered a treasure trove
 34419 | Trove    | Identified the +3 barding "Fikhlacs" {Dex+6}
 34420 | Trove    | Identified the +2 barding of the Meadowlark {rN++ Will-
                  | rCorr}
 34448 | Trove    | Identified the ring "Paexti Ocwul" {+Blink rPois rCorr
                  | Slay+3}
 34517 | D:15     | Reached XP level 20. HP: 180/180 MP: 36/36
 34575 | Vaults:1 | Entered Level 1 of the Vaults
 34794 | Vaults:1 | Reached skill level 15 in Fire Magic
 34939 | Vaults:1 | Noticed Norris
 34946 | Vaults:1 | Killed Norris
 35081 | Vaults:1 | Found Civobay's Magic Scroll Boutique.
 35146 | Vaults:1 | Bought a scroll of blinking for 97 gold pieces
 35146 | Vaults:1 | Bought a scroll of revelation for 97 gold pieces
 35146 | Vaults:1 | Bought a scroll of enchant armour for 97 gold pieces
 35146 | Vaults:1 | Bought a scroll of summoning for 123 gold pieces
 36770 | Vaults:1 | Reached XP level 21. HP: 187/187 MP: 19/37
 37048 | Vaults:2 | Identified the +1 rapier "Ifofein" {flame, rPois}
 37317 | Vaults:2 | Found Neciadan's Book Emporium.
 37881 | Vaults:2 | Paralysed by a formless jellyfish for 1 turns
 39351 | Vaults:3 | Found a staircase to the Crypt.
 39754 | Vaults:3 | Noticed Jory
 40120 | Vaults:3 | Killed Jory
 40354 | Vaults:3 | Noticed Nikola
 40363 | Vaults:3 | Killed Nikola
 40942 | Vaults:4 | Reached skill level 15 in Shields
 40943 | Vaults:4 | Reached skill level 1 in Staves
 40983 | Vaults:4 | Reached XP level 22. HP: 195/195 MP: 31/38
 41055 | Vaults:4 | Found a flickering gateway to a bazaar.
 41069 | Bazaar   | Entered a bazaar
 41073 | Bazaar   | Found Otuczos's Jewellery Boutique.
 41095 | Bazaar   | Found Polamiunn's Antique Armour Emporium.
 41116 | Bazaar   | Found Fuzick's Book Boutique.
 41136 | Bazaar   | Found Xegouklek's Jewellery Shoppe.
 41163 | Bazaar   | Bought the ring of Gomuyh {rElec Will+ SInv} for 380 gold
                  | pieces
 41193 | Bazaar   | Bought a book of Spatial Translocations for 216 gold pieces
 41208 | Bazaar   | Bought a glowing kite shield for 225 gold pieces
 41853 | D:4      | Bought a scroll of revelation for 75 gold pieces
 42558 | Vaults:4 | Paralysed by a formless jellyfish for 1 turns
 43902 | Depths:1 | Entered Level 1 of the Depths
 43907 | Depths:1 | Learned a level 2 spell: Blink
 44520 | Depths:1 | Found a shimmering altar of Xom.
 45223 | Depths:1 | Found a gateway to Hell.
 46106 | Depths:2 | Found a one-way gate leading to the halls of Pandemonium.
 46297 | Depths:2 | Identified the ring of the Ladybird {Ice Str+2}
 46297 | Depths:2 | Noticed Josephina
 46309 | Depths:2 | Killed Josephina
 46310 | Depths:2 | Reached skill level 10 in Dodging
 46608 | Depths:2 | Reached XP level 23. HP: 170/210 MP: 31/39
 46710 | Depths:2 | Noticed Sojobo
 46725 | Depths:2 | Killed Sojobo
 46801 | Depths:2 | Found Zudghiof's Book Shop.
 46801 | Depths:2 | Found Cuoc's Jewellery Emporium.
 46816 | Depths:2 | Found Sius's Jewellery Emporium.
 47200 | Depths:3 | Found a one-way gate to the infinite horrors of the Abyss.
 47349 | Depths:3 | Found a one-way gateway to a ziggurat.
 47816 | Depths:3 | Identified the amulet of the Moon {Acrobat Drain rPois rN+
                  | rCorr}
 48103 | Depths:3 | Noticed a golden dragon
 48117 | Depths:3 | Killed a golden dragon
 48398 | Depths:3 | Noticed Grunn
 48409 | Depths:3 | Killed Grunn
 48410 | Depths:3 | Reached skill level 10 in Armour
 48706 | Depths:4 | Entered Level 4 of the Depths
 48849 | Depths:4 | Found Quazahau's Magic Scroll Boutique.
 48853 | Depths:4 | Found Letweowu's Armour Shop.
 49169 | Depths:4 | Noticed a golden dragon
 49178 | Depths:4 | Noticed a golden dragon
 49189 | Depths:4 | Killed a golden dragon
 49276 | Depths:4 | Killed a golden dragon
 49335 | Depths:4 | Found a gate to the Realm of Zot.
 49360 | Depths:4 | Reached skill level 15 in Fighting
 49710 | Depths:4 | Reached skill level 1 in Earth Magic
 49849 | Depths:4 | Noticed a caustic shrike
 49849 | Depths:4 | Noticed a caustic shrike
 49849 | Depths:4 | Noticed a caustic shrike
 49849 | Depths:4 | Noticed a caustic shrike
 49858 | Depths:4 | Killed a caustic shrike
 49940 | Depths:4 | Killed a caustic shrike
 49946 | Depths:4 | Killed a caustic shrike
 49984 | Depths:4 | Killed a caustic shrike
 50129 | Depths:4 | Noticed Saint Roka
 50132 | Depths:4 | Noticed Boris
 50200 | Depths:4 | Found Hair's Assorted Antiques.
 50302 | Depths:4 | Killed Saint Roka
 50359 | Depths:4 | Killed Boris
 51098 | Vaults:5 | Entered Level 5 of the Vaults
 51100 | Vaults:5 | Reached XP level 24. HP: 225/225 MP: 36/39
 51101 | Vaults:5 | Reached skill level 5 in Earth Magic
 51157 | Vaults:5 | Reached skill level 17 in Conjurations
 51414 | Vaults:5 | Found Fiafytuo's Distillery.
 51684 | Vaults:5 | Noticed an ancient lich
 51702 | Vaults:5 | Killed an ancient lich
 52115 | Vaults:5 | Got a silver rune of Zot
 52259 | Vaults:5 | Found Xarogo's Distillery.
 52264 | Vaults:5 | Bought a potion of heal wounds for 65 gold pieces
 52264 | Vaults:5 | Bought a potion of heal wounds for 65 gold pieces
 52271 | Vaults:5 | Found Ugiji's Antique Armour Shoppe.
 52275 | Vaults:5 | Found Toiss's General Store.
 52286 | Vaults:5 | Found Uganal's Book Shoppe.
 52533 | Vaults:5 | Found Oniuf's Magic Scroll Shoppe.
 52541 | Vaults:5 | Bought a scroll of enchant armour for 120 gold pieces
 52706 | Vaults:5 | Found Kataf's Distillery.
 52713 | Vaults:5 | Bought a potion of resistance for 150 gold pieces
 52798 | Vaults:5 | Reached skill level 18 in Conjurations
 52868 | Vaults:5 | Reached XP level 25. HP: 169/196 MP: 23/40
 53314 | Depths:2 | Bought Tiba's Secrets of Befouled Silt for 798 gold pieces
 53321 | Depths:2 | Learned a level 6 spell: Bombard
 53375 | Depths:4 | Bought a scroll of blinking for 97 gold pieces
 53375 | Depths:4 | Bought a scroll of teleportation for 39 gold pieces
 53375 | Depths:4 | Bought a scroll of enchant armour for 97 gold pieces
 53432 | Depths:4 | Bought 2 scrolls of summoning for 437 gold pieces
 53432 | Depths:4 | Bought a scroll of blinking for 172 gold pieces
 53471 | Zot:1    | Entered Level 1 of the Realm of Zot
 53707 | Elf:1    | Entered Level 1 of the Elven Halls
 53847 | Elf:1    | Noticed Frances
 53854 | Elf:1    | Killed Frances
 53918 | Elf:1    | Identified the +4 kite shield "Fawan" {*Slow rN+ Will+
                  | Regen+}
 54030 | Elf:1    | Found Telour's Distillery.
 54319 | Elf:1    | Noticed Azrael
 54328 | Elf:1    | Killed Azrael
 54638 | Elf:2    | Found Ruunacko's Jewellery Shoppe.
 55130 | Elf:2    | Found a runed translucent gate.
 55130 | Elf:2    | Found a runed translucent gate.
 55131 | Elf:2    | Found a runed translucent gate.
 55245 | Elf:2    | Identified the +1 robe "Qyofrea" {rC+ MP+9}
 55338 | Elf:3    | Entered Level 3 of the Elven Halls
 55461 | Elf:3    | Found Arphy's Assorted Antiques.
 55505 | Elf:3    | Got a vibrant book
 55544 | Elf:3    | Paralysed by an air elemental for 1 turns
 55550 | Elf:3    | Reached skill level 10 in Earth Magic
 55550 | Elf:3    | Identified the ring "Syasat" {rPois rC+}
 55875 | Elf:3    | Found a runed translucent door.
 55879 | Elf:3    | Noticed Herenode's ghost (adept DrNe)
 56153 | Elf:3    | Reached skill level 15 in Spellcasting
 56159 | Elf:3    | Reached skill level 19 in Conjurations
 56332 | Elf:3    | Got a glistering book
 56368 | Elf:3    | Identified the +1 cloak of Autumn {Str+3 SInv}
 56371 | Elf:3    | Identified the +1 dagger of Departure {heavy, Int+4 SInv
                  | Stlth-}
 57141 | Elf:2    | Bought the ring "Wihemir" {rElec rF+ Will+++ rCorr Int-2}
                  | for 957 gold pieces
 57792 | Zot:1    | Reached skill level 20 in Conjurations
 58581 | Zot:2    | Reached XP level 26. HP: 242/242 MP: 28/42
 61492 | Zot:3    | Noticed an orb of fire
 61492 | Zot:3    | Noticed an orb of fire
 61497 | Zot:3    | Gained mutation: You are frail. (-10% HP) [an orb of fire]
 61499 | Zot:3    | Gained mutation: You sometimes lose your temper in combat.
                  | [an orb of fire]
 61502 | Zot:3    | Killed an orb of fire
 61527 | Zot:3    | Lost mutation: You sometimes lose your temper in combat.
                  | [potion of mutation]
 61527 | Zot:3    | Lost mutation: You are frail. (-10% HP) [potion of
                  | mutation]
 61527 | Zot:3    | Gained mutation: You are strong-willed. (Will+) [potion of
                  | mutation]
 61600 | Zot:3    | Noticed an orb of fire
 61607 | Zot:3    | Gained mutation: You occasionally lose the ability to read
                  | scrolls when taking damage. [an orb of fire]
 61610 | Zot:3    | Gained mutation: You occasionally shout uncontrollably at
                  | your foes. [an orb of fire]
 61613 | Zot:3    | Killed an orb of fire
 61695 | Zot:3    | Killed an orb of fire
 61696 | Zot:3    | Lost mutation: You occasionally shout uncontrollably at
                  | your foes. [potion of mutation]
 61696 | Zot:3    | Lost mutation: You occasionally lose the ability to read
                  | scrolls when taking damage. [potion of mutation]
 61696 | Zot:3    | Gained mutation: You are weak. (Str -2) [potion of
                  | mutation]
 61696 | Zot:3    | Gained mutation: Your tail ends in a venomous barb. [potion
                  | of mutation]
 63302 | Zot:5    | Entered Level 5 of the Realm of Zot
 63863 | Zot:5    | Reached XP level 27. HP: 235/255 MP: 20/42
 64002 | Zot:5    | Noticed a dread lich
 64006 | Zot:5    | Noticed an ancient lich
 64013 | Zot:5    | Killed an ancient lich
 64016 | Zot:5    | Noticed a dread lich
 64020 | Zot:5    | Killed a dread lich
 64022 | Zot:5    | Noticed an ancient lich
 64023 | Zot:5    | Noticed a dread lich
 64067 | Zot:5    | Killed a dread lich
 64211 | Zot:5    | Noticed an orb of fire
 64216 | Zot:5    | Killed an orb of fire
 64273 | Zot:5    | Noticed a dread lich
 64291 | Zot:5    | Killed a dread lich
 64461 | Zot:5    | Noticed an ancient lich
 64479 | Zot:5    | Killed an ancient lich
 64480 | Zot:5    | Reached skill level 15 in Invocations
 64786 | Zot:5    | Gained mutation: Your spells are a little easier to cast,
                  | but a little less powerful. [mutagenic glow]
 64796 | Zot:5    | Gained mutation: You are frail. (-10% HP) [mutagenic glow]
 64815 | Zot:5    | Gained mutation: You sometimes lose your temper in combat.
                  | [mutagenic glow]
 64816 | Zot:5    | Lost mutation: Your tail ends in a venomous barb. [potion
                  | of mutation]
 64816 | Zot:5    | Lost mutation: You are frail. (-10% HP) [potion of
                  | mutation]
 64816 | Zot:5    | Lost mutation: You are weak. (Str -2) [potion of mutation]
 64816 | Zot:5    | Gained mutation: Your mind is acute. (Int +4, Str/Dex -1)
                  | [potion of mutation]
 64816 | Zot:5    | Gained mutation: You have a pair of small antennae on your
                  | head. [potion of mutation]
 64816 | Zot:5    | Gained mutation: You are agile. (Dex +4, Str/Int -1)
                  | [potion of mutation]
 64817 | Zot:5    | Lost mutation: You are strong-willed. (Will+) [potion of
                  | mutation]
 64817 | Zot:5    | Lost mutation: Your mind is acute. (Int +4, Str/Dex -1)
                  | [potion of mutation]
 64817 | Zot:5    | Gained mutation: You are somewhat resistant to further
                  | mutation. [potion of mutation]
 64818 | Zot:5    | Lost mutation: You are agile. (Dex +4, Str/Int -1) [potion
                  | of mutation]
 64818 | Zot:5    | Lost mutation: You are somewhat resistant to further
                  | mutation. [potion of mutation]
 64818 | Zot:5    | Gained mutation: You occasionally lose the ability to read
                  | scrolls when taking damage. [potion of mutation]
 64818 | Zot:5    | Gained mutation: You have an increased reservoir of magic.
                  | (+10% MP) [potion of mutation]
 64819 | Zot:5    | Lost mutation: You occasionally lose the ability to read
                  | scrolls when taking damage. [potion of mutation]
 64819 | Zot:5    | Lost mutation: You sometimes lose your temper in combat.
                  | [potion of mutation]
 64819 | Zot:5    | Lost mutation: You have a pair of small antennae on your
                  | head. [potion of mutation]
 64819 | Zot:5    | Gained mutation: Your natural rate of healing is unusually
                  | fast. [potion of mutation]
 64819 | Zot:5    | Gained mutation: You passively dampen the noise of your
                  | surroundings. [potion of mutation]
 65106 | Zot:5    | Got the Orb of Zot
 65114 | Zot:5    | Noticed an orb of fire
 65457 | D:9      | Noticed Xidduvai the pandemonium lord
 65685 | D:$      | Escaped with the Orb!

Illustrated notes

Levels and vault maps discovered:
D:1:      dpeg_arrival_radiant, layout_basic
D:2:      layout_loops_ring, shapermc_ecumenical_altar_mp_urbaneastern,
          basic_altar
D:3:      layout_basic, overflow_temple_1_default,
          nicolae_dithmenos_through_a_glass_darkly, serial_undead,
          serial_undead_a, serial_undead_a, serial_undead_a, serial_undead_a,
          serial_undead_b, serial_undead_b, serial_undead_f, serial_undead_d,
          serial_undead_d, serial_undead_b
D:4:      layout_loops_corners, nicolae_ru_the_path_less_chosen,
          minmay_temple_entry_butterflies, serial_shops, shop, shop, shop,
          nicolae_square_shop, roderic_roman_lattice
D:5:      layout_cave_pools, mainiacjoe_overflow_swirl, fedhas_altar_2,
          hangedman_decor_clover_reticule, grunt_ministairs_6, goddamned_bats
D:6:      layout_layer_cave, ashenzari_conservatory_becter,
          kennysheep_little_box, serial_shops, nicolae_shop_stone, hex_tiny
D:7:      layout_gridville, elyvilon_altar_3, kennysheep_generic_room_3,
          uniq_maggie
D:8:      layout_basic, mrwooster_statue_mirror, kennysheep_potato, uniq_erica
D:9:      layout_stronghold, tgw_trog, evilmike_butchery
D:10:     layout_stronghold, tgw_sif, grunt_ministairs_7,
          amcnicky_mini_pool_small, nrook_loot_triangle, uniq_erolcha,
          uniq_psyche
D:11:     layout_stronghold, dpeg_lair_monsters, grunt_gozag_breadcrumbs,
          uniq_lodul
D:12:     layout_cave_pools, erik_orc_3, grunt_qazlal_sundering, uniq_kirke,
          uniq_fannar, uniq_nessos
D:13:     layout_basic, skrybe_vaults_entry_preservation
D:14:     layout_basic, cheibrodos_worm_habitat
D:15:     gammafunk_enter_depths_forms, layout_layer_cave,
          portal_ice_cave_entry_ugly_swarm, hangedman_abyss_or_decor_slice,
          enter_trove_1, minivault_22, okawaru_metal_pillars_3
Temple:   jpeg_temple_clearing
Lair:1:   layout_hall_layers, grunt_megastairs_5
Lair:2:   layout_layer_cave
Lair:3:   beast_lair_carwin_large_3, layout_misc_corridors,
          palyth_hydra_swamp_entry, minmay_snake_entry_six_corridors
Lair:4:   layout_big_grid, slime_entry_1, basic_altar, grunt_megastairs_2
Lair:5:   grunt_lair_end_beastmaster, layout_loops_ring, basic_altar, uniq_urug
Swamp:1:  layout_basic_swamp, evilmike_swamp_ruin_house_3,
          nicolae_swamp_tree_designs
Swamp:2:  layout_basic_swamp, serial_swamp_ruin, evilmike_swamp_ruin_rubble_1,
          evilmike_swamp_ruin_house_6, evilmike_swamp_ruin_house_4, swamp_pool4,
          infiniplex_staircase_pool_2, uniq_aizul
Swamp:3:  layout_basic_swamp, hangedman_swamp_ruin_wall
Swamp:4:  swamp_fiery, layout_basic_swamp, gammafunk_ghost_wrathful_warriors,
          swamp_pool3, nicolae_swamp_necromancer_hut
Snake:1:  layout_onion, st_stairs_2, nicolae_triple_integral, uniq_donald
Snake:2:  layout_misc_corridors, serial_shops, shop
Snake:3:  layout_onion_interference, nicolae_snake_coiling_death,
          grunt_megastairs_4
Snake:4:  snake_pit_salamanders_mu, layout_onion,
          gammafunk_ghost_berserking_beasts, serial_shops, shop, basic_altar,
          nicolae_snake_naga_rites
Orc:1:    layout_diamond_mine, gammafunk_ghost_arena, serial_shops, shop,
          nicolae_shop_clearance, uniq_snorg, uniq_jorgrun
Orc:2:    kennysheep_orc_mage_school, layout_diamond_mine
Elf:1:    nicolae_elf_arrival_fired_up, layout_geoelf_grid, serial_shops,
          nicolae_shop_tiny_statue_garden, minivault_28,
          einodemon_armed_red_devil_minivault, uniq_frances, uniq_azrael
Elf:2:    nicolae_elf_blades_splatter_lattice [infiniplex_blade_entry_pillars],
          layout_rooms, serial_shops, shop, uniq_louise
Elf:3:    grunt_elf_hall_branching, layout_rooms, serial_shops, shop,
          ebering_ghost_reflecting_pool, corexii_leaking_fountain, kb_rosetta
Vaults:1: nicolae_vaults_oval_intersection, vaults_dpeg_encased_lava,
          nicolae_vaults_three_branches, nicolae_vaults_rhombus_5,
          nicolae_vaults_closet_pinwheel_6, layout_vaults_omnigrid,
          serial_shops, nicolae_shop_statue_plus, uniq_norris
Vaults:2: ontoclasm_vaults_claustrophobia, hangedman_vaults_nails,
          nicolae_vaults_corridor_and_loot_room,
          nicolae_vaults_frosty_reception, nicolae_vaults_stepped_doors,
          nicolae_vaults_trapezoid_lopsided_2, v_alt_pattern_2,
          nicolae_vaults_variable_pillar_hall, vaults_room_fours,
          nicolae_vaults_mitosis, nicolae_vaults_house_2,
          nicolae_vaults_little_squares_4, nicolae_vaults_asterisk,
          nicolae_vaults_double_plus_1, nicolae_vaults_tetromino_Z_1,
          layout_vaults_omnicross, serial_shops, shop
Vaults:3: v_misc_32, nicolae_vaults_closet_pinwheel_1, vaults_room_corners,
          v_alt_pattern_2, hangedman_vaults_corner,
          ontoclasm_vaults_water_temple, minmay_crypt_entry_vampire_xt,
          ontoclasm_vaults_loading_screen, nicolae_vaults_tangram_2, v_misc_15,
          nicolae_vaults_heart-shaped_vault, v_misc_24,
          nicolae_vaults_offset_grid_hallway_3, vaults_room_pools,
          nicolae_vaults_hexular_roomagon, layout_vaults_maze, uniq_margery,
          uniq_jory, uniq_nikola
Vaults:4: v_rooms_5, vaults_room_large_hall, grunt_vaults_swirl,
          nicolae_vaults_weapon_check, nicolae_vaults_diagonal_hallway_9,
          vaults_dpeg_doors, vaults_dpeg_cross,
          nicolae_vaults_closet_pinwheel_3, layout_vaults_chaotic_city,
          serial_shops, bzr_entry_dummy
Vaults:5
Depths:1: layout_basic, chequers_big_river, hellmouth_3, minivault_14,
          led_xom_imps, serial_bayou_shore_b
Depths:2: hangedman_elemental_death_ray, layout_cave_pools,
          rand_demon_pan_entry_8, minmay_misc_feat_diagonals, hell_entry,
          nrook_uturn, kennysheep_generic_room_12, minmay_shop_grove,
          serial_bayou_shore_b, infiniplex_staircase_zigzag_1,
          serial_bayou_shore_a, uniq_josephina, uniq_sojobo
Depths:3: evilmike_diamond_2, layout_cave_pools, enter_ziggurat_f,
          minmay_misc_feat_rugged, lightli_too_deep,
          hangedman_abyss_entry_splay, uniq_grunn
Depths:4: grunt_crosshair, layout_basic, serial_shops,
          nicolae_shop_behind_doors, hell_entry, abyss_entry_glasseish,
          nicolae_water_bricks, minmay_shoptagon, uniq_boris, uniq_saint_roka
Zot:1:    kennysheep_ambush_hall, layout_gridville
Zot:2:    lemuel_firehouse, layout_cathedral_of_symmetry, zot_minivault_1
Zot:3:    nicolae_zot_stationary_front, layout_cathedral_of_symmetry,
          lemuel_lake_of_fire
Zot:4:    layout_gridlike, st_stairs_4
Zot:5:    layout_gridlike

Skill      XL: |  1  2  3  4  5  6  7  8  9 10 11 12 13 14 15 16 17 18 19 20 21 22 23 24 25 26 27 |
---------------+----------------------------------------------------------------------------------+-----
Conjurations   | 1 2 3 5 7 10 11 13 14 15 16 18 20 | 20.0
Poison Magic   | 5 6 |  6.5
Air Magic      | 1 2 4 |  4.6
Fighting       | 1 2 3 5 7 9 10 11 13 15 16 17 | 17.0
Maces & Flails | 1 2 3 5 |  5.0
Dodging        | 2 3 4 5 7 8 10 12 13 14 | 14.0
Armour         | 1 2 3 5 6 8 10 11 12 | 12.0
Stealth        | 5 |  5.0
Invocations    | 5 9 10 13 15 | 15.0
Fire Magic     | 3 6 7 8 10 11 13 14 15 17 | 17.7
Spellcasting   | 4 5 7 8 9 10 12 13 15 16 | 16.4
Hexes          | 2 |  2.0
Evocations     | 4 |  4.0
Shields        | 4 5 6 8 11 12 15 | 15.0
Ice Magic      | 1 3 |  3.7
Staves         | 1 3 |  3.7
Earth Magic    | 4 8 10 | 10.0
Polearms       | |  0.1
Transmutations | |  1.0

Action                     |  1- 3 |  4- 6 |  7- 9 | 10-12 | 13-15 | 16-18 | 19-21 | 22-24 | 25-27 || total
---------------------------+-------+-------+-------+-------+-------+-------+-------+-------+-------++-------
  Melee: Unarmed           |     7 |       |       |       |       |       |       |       |       ||     7
         Dagger            |     9 |       |       |       |       |       |       |       |       ||     9
         Whip              |     5 |   208 |   206 |   189 |   228 |       |       |       |       ||   836
         Punch             |       |       |     4 |     2 |     2 |       |       |       |       ||     8
         Constrict         |       |       |       |       |    74 |    27 |    44 |    67 |    45 ||   257
         Staff             |       |       |       |       |    28 |    95 |   224 |   429 |   421 ||  1197
  Throw: Throwing net      |       |       |       |       |     2 |       |       |       |       ||     2
         Dart              |       |       |       |       |     1 |       |       |       |       ||     1
   Cast: Sting             |    30 |    86 |    95 |   137 |    73 |    30 |     9 |   231 |    36 ||   727
         Mephitic Cloud    |       |     1 |    17 |    77 |    98 |     1 |     7 |    11 |     3 ||   215
         Poisonous Vapours |       |       |    31 |    73 |   160 |    56 |   106 |   194 |    98 ||   718
         Olgreb's Toxic Ra |       |       |     9 |    48 |    54 |    13 |    29 |    36 |    24 ||   213
         Starburst         |       |       |       |     4 |   123 |    31 |    53 |   123 |    14 ||   348
         Sublimation of Bl |       |       |       |     1 |     6 |       |     2 |     1 |       ||    10
         Tukima's Dance    |       |       |       |       |     9 |    23 |       |       |       ||    32
         Ignite Poison     |       |       |       |       |    34 |    35 |    82 |   143 |    78 ||   372
         Freezing Cloud    |       |       |       |       |    13 |   173 |    94 |   157 |   144 ||   581
         Ignition          |       |       |       |       |       |       |     9 |    30 |    22 ||    61
         Blink             |       |       |       |       |       |       |       |     1 |       ||     1
         Bombard           |       |       |       |       |       |       |       |       |   334 ||   334
 Invoke: Bend Time         |       |       |     1 |       |       |       |       |       |       ||     1
         Slouch            |       |       |       |     5 |       |       |       |     1 |       ||     6
Ability: Spit Poison       |    33 |    44 |    41 |    15 |     9 |     2 |       |       |       ||   144
  Evoke: Wand              |       |       |       |     7 |    15 |       |     1 |       |     4 ||    27
         Lightning rod     |       |       |       |       |       |       |       |     4 |       ||     4
         Box of beasts     |       |       |       |       |       |       |       |     1 |       ||     1
         Phial of floods   |       |       |       |       |       |       |       |     1 |       ||     1
    Use: Scroll            |       |     6 |    10 |     3 |     7 |     4 |    21 |    13 |    13 ||    77
         Potion            |       |       |     3 |     9 |       |     4 |     7 |    16 |    19 ||    58
   Stab: Confused          |       |       |     4 |    14 |    25 |       |     1 |       |       ||    44
         Sleeping          |       |       |       |       |       |       |     1 |       |       ||     1
 Armour: Robe              |    30 |   150 |   140 |       |       |       |       |       |       ||   320
         Troll leather arm |       |       |    43 |   155 |   178 |   219 |   206 |   954 |   715 ||  2470
         Steam dragon scal |       |       |    13 |       |       |       |       |       |       ||    13
         Skin              |       |       |     2 |    42 |       |       |       |       |       ||    44
  Dodge: Dodged            |    22 |   110 |   131 |   142 |   129 |   129 |   103 |   448 |   451 ||  1665
  Block: Buckler           |       |       |       |       |    47 |    93 |       |       |       ||   140
         Kite shield       |       |       |       |       |       |    22 |   373 |   800 |   627 ||  1822
         Reflection        |       |       |       |       |       |     4 |    43 |    38 |    22 ||   107

Table legend: (Time is in decaauts)
 A = Elapsed time spent in this place.
 B = Non-inter-level travel time spent in this place.
 C = Inter-level travel time spent in this place.
 D = Time resting spent in this place.
 E = Time spent auto-exploring this place.
 F = Levels seen in this place.
 G = Mean time per level.
                   A        B        C        D        E       F      G
               +--------+--------+--------+--------+--------+-----+--------+
         Total | 129430 | 110234 |  19196 |   8093 |  75987 |  50 | 2588.6 |
       Dungeon |  36950 |  28850 |   8100 |   1986 |  21267 |  15 | 2463.3 |
        Temple |     49 |      1 |     48 |      0 |      0 |   1 |   49.0 |
          Lair |  10426 |   9381 |   1045 |    415 |   7334 |   5 | 2085.2 |
         Swamp |   7984 |   7536 |    448 |    824 |   5296 |   4 | 1996.0 |
     Snake Pit |  11212 |   9512 |   1700 |    941 |   5926 |   4 | 2803.0 |
  Orcish Mines |   4662 |   3125 |   1537 |    152 |   2021 |   2 | 2331.0 |
   Elven Halls |   5995 |   5362 |    633 |    313 |   3431 |   3 | 1998.3 |
        Vaults |  20893 |  17829 |   3064 |   1708 |   9969 |   5 | 4178.6 |
        Depths |  14912 |  12971 |   1941 |    923 |   9629 |   4 | 3728.0 |
           Zot |  15657 |  14980 |    677 |    829 |  10888 |   5 | 3131.4 |
        Bazaar |    439 |    439 |      0 |      0 |    222 |   1 |  439.0 |
         Trove |    245 |    245 |      0 |      0 |      0 |   1 |  245.0 |
               +--------+--------+--------+--------+--------+-----+--------+

Top non-repeatable levels by time:
Vaults:1: 5731 daAuts
   Zot:2: 4607 daAuts
Depths:4: 4559 daAuts
Vaults:4: 4271 daAuts
    D:15: 4165 daAuts
 Snake:4: 4132 daAuts
Depths:1: 4110 daAuts
Vaults:3: 4001 daAuts
    D:14: 3780 daAuts
Vaults:2: 3572 daAuts
Vaults:5: 3316 daAuts
   Zot:3: 3304 daAuts
Depths:2: 3256 daAuts
    D:13: 3240 daAuts
   Zot:5: 3239 daAuts
